 Dungeon Crawl Stone Soup version 0.25.1-2-g60ff931df9 (webtiles) character file.

Game seed: 2277841172855570297

4 GameOver the Sneak (level 1, -1/15 HPs)
             Began as a Naga Wizard on Aug 16, 2020.
             Slain by a gnoll
             ... wielding a +0 flail
              (9 damage)
             ... on level 1 of the Dungeon.
             The game lasted 00:01:17 (171 turns).

GameOver the Sneak (Naga Wizard)                     Turns: 171, Time: 00:01:18

Health: -1/15      AC:  1    Str:  9    XL:     1   Next: 60%
Magic:  4/4        EV: 10    Int: 18    God:
Gold:   11         SH:  0    Dex:  9    Spells: 5/6 levels left

rFire    . . .     SeeInvis +   e - +0 club {Bob}
rCold    . . .     Gourm    .   (no shield)
rNeg     . . .     Faith    .   a - +0 robe
rPois    +         Spirit   .   b - +0 hat
rElec    .         Reflect  .   (no cloak)
rCorr    .         Harm     .   (no gloves)
MR       .....                  (no barding)
Stlth    ++........             (no amulet)
HPRegen  0.05/turn              (no ring)
MPRegen  0.09/turn              (no ring)

@: short of breath, very slow
A: large, see invisible, deformed body, poison resistance, slowness 2, slow
metabolism 1, spit poison 1, AC +0
a: Spit Poison


You were on level 1 of the Dungeon.
You were not hungry.

You visited 1 branch of the dungeon, and saw 1 of its levels.

You collected 11 gold pieces.

Inventory:

Hand Weapons
 e - a +0 club (weapon) {Bob}
Armour
 a - a +0 robe (worn)
 b - a +0 hat (worn)
Scrolls
 c - a scroll of fog {unknown}
 g - a scroll of identify {unknown}
 h - a scroll of teleportation {unknown}
Comestibles
 d - 2 rations
 f - 4 chunks of flesh


   Skills:
 - Level 1.5 Dodging
 - Level 3.0 Stealth
 - Level 3.0 Spellcasting
 + Level 1.6 Conjurations
   Level 1.0 Summonings
   Level 1.0 Translocations


You had 5 spell levels left.
You knew the following spells:

 Your Spells              Type           Power        Failure   Level  Hunger
a - Magic Dart            Conj           #...         9%          1    None

Your spell library contained the following spells:

 Spells                   Type           Power        Failure   Level  Hunger
 Blink                    Tloc           N/A          16%         2    ##.....
 Call Imp                 Summ           #.......     16%         2    ##.....
 Slow                     Hex            #.......     24%         2    ##.....
 Conjure Flame            Conj/Fire      #.......     34%         3    ###....
 Mephitic Cloud           Conj/Pois/Air  #.......     36%         3    ###....


Dungeon Overview and Level Annotations

Branches:
Dungeon (1/15)

Altars:


Innate Abilities, Weirdness & Mutations

You cannot wear boots.
Your serpentine skin is tough. (AC +0)
You have supernaturally acute eyesight. (SInv)
Armour fits poorly on your strangely shaped body.
Your system is resistant to poisons. (rPois)
You cover ground very slowly.
You have a slow metabolism.
You can spit poison.


Message History

Okay, then.
There is an open door here.
Press: ? - help, Shift-Dir - straight line, f - gnoll
Aim: a gnoll, wielding a +0 flail The splash of poison misses the gnoll.
You feel slightly more hungry.
The goblin shouts!
You have got your breath back.
Press: ? - help, Shift-Dir - straight line, f/p - gnoll
Aim: a gnoll, wielding a +0 flail You fail to use your ability.
Your magical contamination has completely faded away.
Press: ? - help, Shift-Dir - straight line, f/p - gnoll
Aim: a gnoll, wielding a +0 flail The splash of poison hits the gnoll.
The gnoll is poisoned.
The gnoll is moderately wounded.
You feel slightly more hungry. The gnoll hits you with a +0 flail!
Ouch! That really hurt!
The gnoll hits you with a +0 flail!
Ouch! That really hurt!
You die...

#......# #......#
#......# #.. #......#
#....#######......#######
#....+.....'......'.....#
....#######......#####.##
#.>.....รท...............
#..###.#####.)@...###.##
#...##.# #.##g....#
#......# #.##g....#
#...#### ..##.....#
#...####.######.....#
#.............'.....+
#.#.####.###.##.....#
#.#.# ... ........# #.#.#
..... ...######


You could see a gnoll (poisoned) and a goblin.

Vanquished Creatures
  A bat (D:1)
  2 hobgoblins (D:1)
3 creatures vanquished.

Notes
Turn   | Place    | Note
-------+----------+-------------------------------------------
     0 | D:1      | GameOver the Naga Wizard began the quest for the Orb.
     0 | D:1      | Reached XP level 1. HP: 15/15 MP: 4/4
   171 | D:1      | Slain by a gnoll

Illustrated notes

Levels and vault maps discovered:
D:1:      mrwooster_arrival_statue_3, layout_basic

Action                   || total
-------------------------++-------
Melee: Club              ||     2
 Cast: Magic Dart        ||     4
 Abil: Spit Poison       ||     6
Armor: Robe              ||     3
Dodge: Dodged            ||     1
